 Dungeon Crawl Stone Soup version 0.28-b1-70-g80dc712255 (webtiles) character file.

Game seed: 3614001505408384104

23538 Minsecho the Severer (level 12, 0/84 (100) HPs)
             Began as a Minotaur Fighter on Feb 4, 2022.
             Was a High Priest of Okawaru.
             Slain by a raiju (9 damage)
             ... on level 3 of the Abyss.
             The game lasted 00:23:31 (14371 turns).

Minsecho the Severer (Minotaur Fighter)            Turns: 14371, Time: 00:23:32

HP:   0/84 (100)    AC: 24    Str: 31      XL:     12   Next: 72%
MP:   15/15         EV: 10    Int:  4 (5)  God:    Okawaru [*****.]
Gold: 541           SH:  0    Dex: 11      Spells: 9/11 levels left

rFire   . . .      SeeInvis .   N - +4 war axe (vamp)
rCold   . . .      Faith    .   c - +0 buckler
rNeg    . . .      Spirit   .   L - +3 chain mail
rPois   .          Reflect  .   (helmet restricted)
rElec   .          Harm     .   a - +2 cloak {Stlth+}
rCorr   .          Rampage  .   (no gloves)
Will    .....                   O - +0 pair of boots
Stlth   ..........              (no amulet)
HPRegen 0.00/turn               h - +6 ring of strength
MPRegen 0.14/turn               g - +4 ring of protection

@: confused, ambrosia-drunk, sick, heavily drained
A: horns 2, retaliatory headbutt, deterioration 1, frail 1
a: Renounce Religion, Heroism, Finesse, Duel


You were on level 3 of the Abyss.
You worshipped Okawaru.
Okawaru was extremely pleased with you.
You visited 2 branches of the dungeon, and saw 14 of its levels.
You visited the Abyss 1 time.
You also visited: Volcano.

You collected 653 gold pieces.
You spent 112 gold pieces at shops.

Inventory:

Hand Weapons
 N - a +4 vampiric war axe (weapon)
Missiles
 I - 4 throwing nets (quivered)
Armour
 a - a +2 cloak of stealth (worn)
 c - a +0 buckler (worn)
 q - a +0 cloak
 L - a +3 chain mail (worn)
 O - a +0 pair of boots (worn)
Jewellery
 g - a +4 ring of protection (right hand)
 h - a +6 ring of strength (left hand)
 r - an amulet of magic regeneration
 s - a ring of positive energy
 F - a ring of flight
Wands
 k - a wand of polymorph (13)
 w - a wand of flame (27)
 B - a wand of iceblast (7)
 K - a wand of acid (12)
Scrolls
 n - 5 scrolls of blinking
 o - 2 scrolls of noise {unknown}
 p - 3 scrolls of immolation
 t - a scroll of holy word {unknown}
 u - 2 scrolls of magic mapping {unknown}
 x - a scroll of teleportation
 y - a scroll of fog
 A - a scroll of enchant armour {unknown}
 C - a scroll of vulnerability {unknown}
 E - a scroll of acquirement {unknown}
 P - 3 scrolls of fear
 Q - a scroll of summoning {unknown}
Potions
 b - a potion of haste
 d - 2 potions of might
 e - 6 potions of lignification
 f - 2 potions of flight
 i - 3 potions of attraction
 j - 3 potions of curing
 m - 4 potions of brilliance
 z - a potion of resistance
 D - a potion of ambrosia
 G - a potion of cancellation
 H - a potion of mutation
 J - a potion of magic {unknown}


   Skills:
 + Level 12.1 Fighting
 + Level 16.4 Axes
 + Level 11.8 Armour
 + Level 5.1 Dodging
 + Level 8.1 Shields
 * Level 5.9 Invocations


You had 9 spell levels left.
You knew the following spells:

 Your Spells              Type           Power      Damage    Failure   Level
b - Blink                 Tloc           0%         N/A       98%         2

Your spell library contained the following spells:

 Spells                   Type           Power      Damage    Failure   Level
 Foxfire                  Conj/Fire      0%         2x1d4     94%         1
 Corpse Rot               Necr/Air       0%         N/A       98%         2
 Poisonous Vapours        Pois/Air       0%         N/A       98%         2
 Conjure Flame            Conj/Fire      0%         6-21      100%        3
 Inner Flame              Hex/Fire       0%         N/A       100%        3
 Swiftness                Air            0%         N/A       100%        3
 Dispel Undead            Necr           0%         3d6       100%        4
 Flame Wave               Conj/Fire      0%         2d4       100%        4
 Fulminant Prism          Conj/Hex       0%         3d6       100%        4
 Iskenderun's Mystic Bla  Conj/Tloc      0%         2d3       100%        4
 Fireball                 Conj/Fire      0%         3d3       100%        5
 Lee's Rapid Deconstruct  Erth           0%         3d5*      100%        5
 Manifold Assault         Tloc           0%         N/A       100%        5
 Eringya's Noxious Bog    Tmut/Pois      0%         N/A       100%        6
 Death's Door             Necr           0%         N/A       100%        9
 Summon Guardian Golem    Hex/Summ       Unusable   N/A       N/A         3
 Summon Forest            Summ/Tloc      Unusable   N/A       N/A         5
 Death Channel            Necr           Unusable   N/A       N/A         6
 Summon Hydra             Summ           Unusable   N/A       N/A         7

Dungeon Overview and Level Annotations

Branches:
Dungeon (12/15)            Temple (0/1) D:6            Lair (2/6) D:8
Volcano (visited)
  Swamp: Lair:2-4    Shoals: Lair:2-4     Snake: Lair:2-4    Spider: Lair:2-4
    Orc: D:9-12

Altars:
Okawaru
Xom

Shops:
D:4 ?:**!   D:5 *

Annotations:
D:8 2 transporters
D:10 1 runed translucent door, iguanaiguana's ghost, journeyman MiFi


Innate Abilities, Weirdness & Mutations

You have a pair of horns on your head.
You reflexively headbutt those who attack you in melee.
Your body sometimes deteriorates upon taking damage.
You are frail. (-10% HP)


Message History

* * * LOW HITPOINT WARNING * * *
The raiju shocks you!
* * * LOW HITPOINT WARNING * * *
The raiju barely misses you.
Okay, then.
Unknown command.
You are confused.
You feel invigorated.
The raiju bursts into living lightning!
The living lightning hits the raiju.
The raiju completely resists.
The living lightning hits you but does no damage.
The living lightning hits the raiju.
The raiju completely resists.
The raiju blinks!
The raiju bites you but does no damage.
The raiju bursts into living lightning!
The living lightning misses you.
The living lightning hits the raiju.
The raiju completely resists.
The raiju blinks!
The raiju bursts into living lightning!
The living lightning misses you.
The living lightning hits the raiju.
The raiju completely resists.
The raiju blinks!
The raiju closely misses you. 2 raiju come into view.
The raiju barks!
You hear a roar!
A smoke demon comes into view. x2
The raiju barely misses you.
Unknown command.
You're too confused to move!
The smoke demon roars!
The raiju bursts into living lightning!
The living lightning hits you.
* * * LOW HITPOINT WARNING * * *
The raiju blinks!
The raiju bites you!
* * * LOW HITPOINT WARNING * * *
The raiju shocks you!
* * * LOW HITPOINT WARNING * * *
The raiju bites you but does no damage. x2
Unknown command.
You are too confused!
You bump into the stone wall.
The raiju bites you.
* * * LOW HITPOINT WARNING * * *
The raiju shocks you!
You die...

. #### ...
#...###... .
##.#.. ..# .#
#
...._#..##..#
#h.. 3......
#.h##.....
#hh#h.#
#....#@h.#
##..#.h......
#..#....3...
#. #...##..#
##.#...# .#
##.#... . .
.... # ..##.


You could see 2 smoke demons and 7 raiju.

Vanquished Creatures
  A tentacled starspawn (Abyss:3)
  2 eidola (Abyss:3)
  Harold (D:7)
  A hydra (Lair:1)
  A catoblepas (D:12)
  2 two-headed ogres
  2 deep elf pyromancers
  2 deep elf zephyrmancers (D:11)
  A wizard (Volcano)
  An ugly thing (D:12)
  2 cyclopes
  2 toenail golems (Volcano)
  The ghost of bleachchugger the Chopper, a novice MiBe of Trog (D:5)
  2 cane toads
  The ghost of styxcanada the Covert, a novice SpBr (D:5)
  2 unseen horrors (D:12)
  A black mamba (Lair:2)
  2 komodo dragons (Lair:1)
  Maggie (D:6)
  An ancient zyme (Abyss:3)
  A tengu conjurer (D:12)
  Grinder (D:3)
  4 trolls
  A hornet (D:9)
  4 slime creatures (D:12)
  A large abomination (Abyss:3)
  A raiju (Abyss:3)
  8 blink frogs (Lair:1)
  18 yaks
  A vampire (D:8)
  5 wyverns
  3 wraiths
  A shadow (Abyss:3)
  A basilisk (D:8)
  2 steam dragons
  2 vampire mosquitoes (D:12)
  A neqoxec (Abyss:3)
  A small abomination (Abyss:2)
  3 acid dragons
  9 water moccasins
  2 hell hounds (Lair:2)
  6 orc warriors
  A sky beast (D:6)
  3 ice beasts
  3 necrophages
  3 wolves (Lair:1)
  4 kobold brigands
  2 phantoms
  A bullfrog (Lair:1)
  A gnoll sergeant (D:9)
  5 scorpions
  A wyvern skeleton (D:6)
  9 killer bees (D:7)
  2 howler monkeys
  3 centaur zombies
  2 jellies (D:6)
  Crazy Yiuf (D:2)
  3 orc priests
  3 hounds
  A bullfrog skeleton (D:7)
  A gnoll shaman (D:8)
  Jessica (D:2)
  15 orc wizards
  Ijyb (D:3)
  Terence (D:3)
  A hound zombie (D:5)
  Robin (D:3)
  A howler monkey zombie (D:9)
  3 adders
  10 gnolls
  A white imp (D:7)
  3 worms
  3 dart slugs
  34 orcs
  2 endoplasms
  6 giant cockroaches
  18 goblins
  6 hobgoblins
  7 jackals
  A quokka (D:1)
  2 ball pythons
  2 bats
  5 frilled lizards (D:1)
  27 kobolds
  4 rats
309 creatures vanquished.

Vanquished Creatures (others)
  A manticore (D:12)
  An unseen horror (D:12)
  A water elemental (D:12)
  A bush (D:8)
  7 fungi
  22 plants
  4 starspawn tentacles (Abyss:3)
37 creatures vanquished.

Grand Total: 346 creatures vanquished

Notes
Turn   | Place    | Note
-------+----------+-------------------------------------------
     0 | D:1      | Minsecho the Minotaur Fighter began the quest for the Orb.
     0 | D:1      | Reached XP level 1. HP: 19/19 MP: 0/0
    97 | D:1      | Reached XP level 2. HP: 27/27 MP: 1/1
   318 | D:1      | Reached skill level 3 in Axes
   632 | D:2      | Noticed Jessica
   637 | D:2      | Killed Jessica
   638 | D:2      | Reached XP level 3. HP: 32/33 MP: 2/2
   715 | D:2      | Reached XP level 4. HP: 36/40 MP: 3/3
  1057 | D:2      | Found a faded altar of an unknown god.
  1347 | D:2      | Found a runed translucent door.
  1348 | D:2      | Noticed Crazy Yiuf
  1444 | D:3      | Noticed Robin
  1450 | D:3      | Reached skill level 4 in Axes
  1456 | D:3      | Killed Robin
  1584 | D:3      | Noticed Grinder
  1594 | D:3      | Paralysed by Grinder for 7 turns
  1890 | D:2      | Killed Crazy Yiuf
  1891 | D:2      | Reached XP level 5. HP: 27/47 MP: 4/4
  2341 | D:4      | Reached skill level 5 in Axes
  2417 | D:4      | Found Rasiudwo's General Store.
  2425 | D:4      | Bought a potion of heal wounds for 50 gold pieces
  2425 | D:4      | Bought a scroll of teleportation for 30 gold pieces
  2425 | D:4      | Bought a scroll of identify for 20 gold pieces
  2454 | D:4      | Reached skill level 1 in Dodging
  2458 | D:4      | Reached XP level 6. HP: 55/55 MP: 5/5
  2559 | D:4      | Found Aleocu's Magic Scroll Emporium.
  2560 | D:4      | Noticed an ice beast
  2570 | D:4      | Killed an ice beast
  2571 | D:4      | Reached skill level 5 in Fighting
  2571 | D:4      | Reached skill level 6 in Axes
  2571 | D:4      | Found Loqozapn's General Store.
  2575 | D:4      | Found Diddinyo's Distillery.
  2576 | D:4      | Found Dide's Book Emporium.
  2579 | D:4      | Bought a potion of degeneration for 12 gold pieces
  2736 | D:4      | Reached skill level 5 in Armour
  2961 | D:3      | Paralysed by Grinder for 4 turns
  2966 | D:3      | Paralysed by Grinder for 7 turns
  3061 | D:3      | Killed Grinder
  3062 | D:3      | Reached skill level 7 in Axes
  3062 | D:3      | Reached XP level 7. HP: 61/61 MP: 6/6
  3186 | D:3      | Noticed Terence
  3191 | D:3      | Killed Terence
  3192 | D:3      | Noticed Ijyb
  3202 | D:3      | Killed Ijyb
  3724 | D:5      | Entered Level 5 of the Dungeon
  3728 | D:5      | Found Qion's General Store.
  3813 | D:5      | Noticed a wraith
  3821 | D:5      | Killed a wraith
  3822 | D:5      | Reached skill level 8 in Axes
  3895 | D:5      | Found an iron altar of Okawaru.
  3897 | D:5      | Reached XP level 8. HP: 70/70 MP: 7/7
  3908 | D:5      | Became a worshipper of Warmaster Okawaru
  4040 | D:5      | Found an iron altar of Okawaru.
  4121 | D:5      | Found a runed translucent gate.
  4121 | D:5      | Found a runed translucent gate.
  4122 | D:5      | Found a runed translucent gate.
  4124 | D:5      | Noticed bleachchugger's ghost (novice MiBe)
  4124 | D:5      | Noticed styxcanada's ghost (novice SpBr)
  4489 | D:6      | Reached skill level 9 in Axes
  4530 | D:6      | Reached skill level 5 in Shields
  4531 | D:6      | Reached * piety under Okawaru
  4541 | D:6      | Noticed Maggie
  4543 | D:6      | Reached skill level 10 in Axes
  4751 | D:6      | Killed Maggie
  4752 | D:6      | Reached XP level 9. HP: 78/78 MP: 6/8
  5012 | D:6      | Reached ** piety under Okawaru
  5290 | D:6      | Reached skill level 11 in Axes
  5391 | D:6      | Found a staircase to the Ecumenical Temple.
  6063 | D:7      | Reached *** piety under Okawaru
  6072 | D:7      | Reached skill level 12 in Axes
  6673 | D:7      | Noticed Harold
  6680 | D:7      | Killed Harold
  6681 | D:7      | Reached XP level 10. HP: 57/88 MP: 9/9
  7018 | D:7      | Reached **** piety under Okawaru
  7704 | D:8      | Reached skill level 13 in Axes
  8068 | D:8      | Reached skill level 10 in Armour
  8161 | D:8      | Found a staircase to the Lair.
  8231 | D:8      | Reached ***** piety under Okawaru
  8474 | D:8      | Found a transporter.
  8474 | D:8      | Found a transporter.
  8474 | D:8      | Noticed a boulder beetle
  8667 | D:8      | Identified the +2 robe "Kaen" {Int+3}
  8827 | D:5      | Killed bleachchugger's ghost
  8844 | D:5      | Killed styxcanada's ghost
  8996 | D:9      | Reached XP level 11. HP: 84/97 MP: 10/10
  8997 | D:9      | Reached skill level 1 in Invocations
  9106 | D:9      | Paralysed by a hornet for 1 turns
 10021 | D:10     | Entered Level 10 of the Dungeon
 10079 | D:10     | Found a runed translucent door.
 10080 | D:10     | Found a shimmering altar of Xom.
 10080 | D:10     | Noticed iguanaiguana's ghost (journeyman MiFi)
 10081 | D:10     | Noticed a +2 morningstar of chaos
 10137 | D:10     | Reached skill level 10 in Fighting
 10137 | D:10     | Noticed a two-headed ogre
 10151 | D:10     | Killed a two-headed ogre
 10151 | D:10     | Identified the +9 battleaxe of Floods {drain, *Rage rElec
                  | rC+++ Int+2} (Okawaru gifted it to you on level 10 of the
                  | Dungeon)
 10151 | D:10     | Received a gift from Okawaru
 10152 | D:10     | Reached skill level 14 in Axes
 11310 | D:11     | Noticed a deep elf pyromancer
 11310 | D:11     | Noticed a deep elf zephyrmancer
 11320 | D:11     | Killed a deep elf zephyrmancer
 11330 | D:11     | Got the Grimoire of Axaxaxas mlö
 11335 | D:11     | Learned a level 2 spell: Blink
 11372 | D:11     | Noticed a deep elf zephyrmancer
 11376 | D:11     | Got the Compendium of Dhcmrlchtdj
 11384 | D:11     | Killed a deep elf zephyrmancer
 11423 | D:11     | Got the Volume of Sand
 11425 | D:11     | Noticed a deep elf pyromancer
 11433 | D:11     | Killed a deep elf pyromancer
 11956 | D:12     | Noticed a white ugly thing
 11969 | D:12     | Killed a white ugly thing
 11980 | D:12     | Noticed a two-headed ogre
 11989 | D:12     | Killed a two-headed ogre
 12038 | D:12     | Noticed a skeletal warrior
 12131 | D:12     | Noticed a deep elf pyromancer
 12148 | D:12     | Killed a deep elf pyromancer
 12149 | D:12     | Reached skill level 15 in Axes
 12275 | D:12     | Noticed a catoblepas
 12276 | D:12     | Received a gift from Okawaru
 12280 | D:12     | Noticed a death knight
 12288 | D:12     | Noticed a deep elf pyromancer
 12294 | D:12     | Killed a catoblepas
 12295 | D:12     | Reached XP level 12. HP: 104/110 MP: 8/14
 12605 | Lair:1   | Entered Level 1 of the Lair of Beasts
 12733 | Lair:1   | Reached skill level 5 in Dodging
 12861 | Lair:1   | Noticed a five-headed hydra
 12872 | Lair:1   | Killed a ten-headed hydra
 12873 | Lair:1   | Reached skill level 5 in Invocations
 13044 | Lair:1   | Reached skill level 16 in Axes
 13634 | Lair:2   | Found a dark tunnel.
 13652 | Volcano  | Entered a volcano
 13756 | Volcano  | Received a gift from Okawaru
 13798 | Volcano  | Cast into level 2 of the Abyss (a wizard)
 13917 | Abyss:3  | Noticed an eidolon
 13924 | Abyss:3  | Killed an eidolon
 13933 | Abyss:3  | Noticed an eidolon
 13941 | Abyss:3  | HP: 3/101 [eidolon (9)]
 13953 | Abyss:3  | Killed an eidolon
 14211 | Abyss:3  | Found a corrupted altar of Lugonu.
 14215 | Abyss:3  | Noticed a tentacled starspawn
 14233 | Abyss:3  | Killed a tentacled starspawn
 14243 | Abyss:3  | Found a corrupted altar of Lugonu.
 14340 | Abyss:3  | Gained mutation: Your body sometimes deteriorates upon
                  | taking damage. [a neqoxec]
 14358 | Abyss:3  | Gained mutation: You are frail. (-10% HP) [a neqoxec]
 14371 | Abyss:3  | Slain by a raiju

Illustrated notes

Levels and vault maps discovered:
D:1:      minmay_arrival_solitary_statue, layout_basic, minmay_hexomino_u4
D:2:      layout_loops_ring, hellmonk_ecumenical_altar_inner_sanctum,
          uniq_jessica, uniq_crazy_yiuf_cottage
D:3:      layout_basic, uniq_terence, uniq_grinder, uniq_ijyb, uniq_robin
D:4:      layout_basic, serial_shops, shop_statue, minmay_shop_grid_forest,
          minmay_misc_feat_hallway, amcnicky_mini_corridor_feature
D:5:      layout_loops_ring, okawaru_metal_pillars_3, gammafunk_ghost_cemetery,
          serial_shops, shop, kennysheep_flooded_box
D:6:      layout_basic, minmay_temple_entry_offerings, serial_park_tiny_1,
          corner_web_ring, uniq_maggie
D:7:      layout_cave_pods, uniq_harold
D:8:      gammafunk_boulding_lane, layout_basic, minmay_lair_entry_grove,
          mrwooster_statue_mirror, nzn_life_drinkers
D:9:      layout_long_grid
D:10:     layout_cross, ebering_ghost_xom
D:11:     layout_roguey, kennysheep_path_1, bh_hangedman_babel_library
D:12:     minmay_the_grid_triangle_9x9_rhombus_full_mashed
          [minmay_the_grid_triangle_9x9_longest,
          minmay_the_grid_triangle_9x9_swiss_cheese,
          minmay_the_grid_triangle_9x9_zippers_vertical,
          minmay_the_grid_triangle_9x9_zippers_horizontal,
          minmay_the_grid_triangle_9x9_wacky_v,
          minmay_the_grid_triangle_9x9_cache,
          minmay_the_grid_triangle_9x9_intruding_spiral,
          minmay_the_grid_triangle_9x9_prize_insulated], layout_irregular_city,
          orc_0_dummy, roderic_lattice_a, lightli_elemental_guards
Lair:1:   layout_chaotic_city, serial_bayou_shore_a
Lair:2:   layout_misc_corridors, minmay_snake_entry_spellcaster,
          enter_volcano_3, basic_altar
Abyss:3:  base: D:15, evilmike_abyss_exit_4
Volcano:  volcano_bunker

Skill      XL: |  1  2  3  4  5  6  7  8  9 10 11 12 |
---------------+-------------------------------------+-----
Shields        | 4 5 6 7 8 |  8.1
Axes           | 3 4 5 7 8 10 12 13 15 16 | 16.4
Fighting       | 4 5 6 8 9 11 12 | 12.1
Armour         | 4 5 7 8 10 11 | 11.8
Dodging        | 1 2 3 4 5 |  5.1
Invocations    | 4 5 |  5.9

Action                   |  1- 3 |  4- 6 |  7- 9 | 10-12 || total
-------------------------+-------+-------+-------+-------++-------
Melee: War axe           |    42 |    92 |   196 |   537 ||   867
       Headbutt          |     5 |    19 |    36 |   123 ||   183
Throw: Throwing net      |       |       |       |     1 ||     1
Invok: Heroism           |       |       |     2 |     5 ||     7
       Finesse           |       |       |       |     4 ||     4
  Use: Scroll            |       |     3 |     4 |    12 ||    19
       Potion            |       |       |       |     6 ||     6
 Stab: Petrified         |       |       |       |     3 ||     3
Armor: Scale mail        |    27 |       |       |       ||    27
       Ice dragon scales |       |    61 |    54 |       ||   115
       Chain mail        |       |       |    58 |   354 ||   412
Dodge: Dodged            |    16 |    50 |    75 |   194 ||   335
Block: Buckler           |     5 |    21 |    39 |   123 ||   188
